 Dungeon Crawl Stone Soup version 0.31-a0-232-gb1c03b2570 (webtiles) character file.

Game seed: 2103918387834561478

145 qw the Shooter (level 5, 0/30 HPs)
             Began as a Gargoyle Hexslinger on July 6, 2023.
             Slain by Sigmund
             ... wielding a +0 scythe
              (1 damage)
             ... on level 3 of the Dungeon.
             The game lasted 00:00:50 (1981 turns).

qw the Shooter (Gargoyle Hexslinger)                Turns: 1981, Time: 00:00:51

Health: 0/30       AC: 11    Str: 12    XL:     5   Next: 27%
Magic:  6/6        EV: 10    Int: 13    God:
Gold:   53         SH:  0    Dex: 14    Spells: 5/6 levels left

rFire   . . .        Y - +2 sling
rCold   . . .        (no shield)
rNeg    + . .        e - +0 ring mail
rPois   inf          (no helmet)
rElec   +            d - +0 cloak {Stlth+}
rCorr   .            (no gloves)
SInv    .            c - +0 pair of boots
Will    .....        (no amulet)
Stlth   ++           (no ring)
HPRegen 0.25/turn    (no ring)
MPRegen 0.10/turn

%: no passive effects
@: no status effects
A: sickness immunity, AC +4, negative energy resistance 1, electricity
resistance, torment resistance 1, petrification resistance
a: no special abilities


You were on level 3 of the Dungeon.
You visited 1 branch of the dungeon, and saw 3 of its levels.

You collected 108 gold pieces.
You spent 55 gold pieces at shops.


Innate Abilities, Weirdness & Mutations

You are immune to sickness and miasma.
Your stone body is resilient. (AC +4)
You are immune to poison.
You resist negative energy. (rN+)
You are resistant to electric shocks. (rElec)
You are resistant to unholy torment.
You are immune to petrification.


   Skills:
 - Level 2.0 Fighting
 + Level 4.9 Ranged Weapons
 - Level 1.0 Armour
 - Level 1.5 Dodging
 - Level 1.0 Spellcasting
 - Level 2.6 Hexes


You had 5 spell levels left.
You knew the following spells:

 Your Spells              Type           Power      Damage    Failure   Level
a - Slow                  Hex            28%        N/A       22%         1

Your spell library contained the following spells:

 Spells                   Type           Power      Damage    Failure   Level
 Inner Flame              Hex/Fire       4%         N/A       73%         3
 Portal Projectile        Hex/Tloc       8%         N/A       73%         3
 Cause Fear               Hex            3%         N/A       91%         4

Inventory:

Hand Weapons
 Y - a +2 sling (weapon)
Armour
 c - a +0 pair of boots (worn)
 d - a +0 cloak of stealth (worn)
 e - a +0 ring mail (worn)
Scrolls
 a - a scroll of identify
 b - 2 scrolls of teleportation
 f - a scroll of revelation {unknown}
 h - a scroll of acquirement {unknown}
Potions
 g - a potion of might {unknown}
 i - a potion of curing {unknown}

Dungeon Overview and Level Annotations

Branches:
Dungeon (3/15)

Altars:

Shops:
D:1 *=:

Annotations:
D:3 Sigmund


Message History

HP restored.
You see here a +0 short sword.
h - a scroll labelled MICHEG TEMIENK
Found a stone staircase leading up.
Found a stone staircase leading down.
Sigmund the Dreaded comes into view.
He is wielding a +0 scythe.
Sigmund shouts!
You shoot a sling bullet. The sling bullet barely misses Sigmund.
You shoot a sling bullet. The sling bullet hits Sigmund.
Sigmund is lightly wounded.
You shoot a sling bullet. The sling bullet hits Sigmund.
Sigmund is lightly wounded.
Sigmund casts a spell at you. The puff of flame hits you.
You shoot a sling bullet. The sling bullet hits Sigmund.
Sigmund is lightly wounded.
Sigmund closely misses you.
You shoot a sling bullet. The sling bullet hits Sigmund.
Sigmund is moderately wounded.
You shoot a sling bullet.
The sling bullet closely misses Sigmund.
Sigmund hits you from afar with a +0 scythe.
You shoot a sling bullet.
The sling bullet closely misses Sigmund.
Sigmund gestures at you while chanting.
You are confused.
Sigmund hits you but does no damage. Sigmund barely misses you.
Sigmund points at you and mumbles some strange words.
You are more confused.
Sigmund gestures at you while chanting. The puff of flame hits you!
Sigmund hits you but does no damage.
Sigmund hits you from afar with a +0 scythe!
Sigmund hits you from afar with a +0 scythe.
Sigmund casts a spell at you. The magic dart hits you.
You feel less confused.
Sigmund hits you from afar with a +0 scythe.
You die...

.. ... . #. #.# ..
.># #.##.# .# #.#
#.##.# .# #.#
#.##.##.# #.#
#.......# #.#
#..#.#### #@#
#..#.###########.##.#
#%)#.##.........@...#
#..#.##.#####....####
#..#....# #.####
#..###### #.# #..#
#<# #..# #.# ...# #.#
...# #.# #### #.#


You could see Sigmund.

Vanquished Creatures
  3 gnolls (D:2)
  6 adders
  2 worms (D:2)
  An orc (D:2)
  5 ball pythons
  4 bats
  4 endoplasms
  3 giant cockroaches
  5 goblins
  6 hobgoblins
  A jackal (D:2)
  4 kobolds
  A quokka (D:2)
  4 frilled lizards
  5 rats
54 creatures vanquished.

Notes
Turn   | Place    | Note
-------+----------+-------------------------------------------
     0 | D:1      | qw the Gargoyle Hexslinger began the quest for the Orb.
     0 | D:1      | Reached XP level 1. HP: 12/12 MP: 2/2
     0 | D:1      | 0 ||| qw: Version: 0.3-a-46-gb1f654a
     0 | D:1      | 0 ||| qw: Game counter: 2074
     0 | D:1      | 0 ||| qw: Melee chars always use a shield: true
     0 | D:1      | 0 ||| qw: God list: Okawaru
     0 | D:1      | 0 ||| qw: Allow faded altars: false
     0 | D:1      | 0 ||| qw: Do Orc after clearing Dungeon:15 true
     0 | D:1      | 0 ||| qw: Do second Lair branch before Depths: true
     0 | D:1      | 0 ||| qw: Lair rune preference: random
     0 | D:1      | 0 ||| qw: Goals: Normal
     0 | D:1      | 0 ||| PLANNING D:1-11
   274 | D:1      | Found Lagomm's Book Shop.
   281 | D:1      | 281 ||| UPGRADING to +0 cloak of stealth.
   299 | D:1      | Reached XP level 2. HP: 16/16 MP: 3/3
   524 | D:1      | Reached skill level 3 in Ranged Weapons
   554 | D:1      | Found Rocroh's Jewellery Shoppe.
   562 | D:1      | 562 ||| SHOPLISTING +4 ring of protection (468 gold, have
                  | 56).
   562 | D:1      | 562 ||| SHOPLISTING +6 ring of dexterity (468 gold, have
                  | 56).
   562 | D:1      | 562 ||| SHOPLISTING amulet of faith (520 gold, have 56).
   562 | D:1      | 562 ||| SHOPLISTING amulet of reflection (390 gold, have
                  | 56).
   714 | D:1      | Found Suprisit's Assorted Antiques.
   729 | D:1      | 729 ||| BUYING golden potion (26 gold).
   729 | D:1      | Bought a golden potion for 26 gold pieces
   729 | D:1      | 729 ||| SHOPLISTING runed orcbow (188 gold, have 30).
   729 | D:1      | 729 ||| BUYING scroll labelled GEFRUA BUXUNE (29 gold).
   729 | D:1      | Bought a scroll labelled GEFRUA BUXUNE for 29 gold pieces
   729 | D:1      | 729 ||| SHOPLISTING smoky emerald potion (26 gold, have 1).
  1097 | D:1      | 1097 ||| UPGRADING to +0 leather armour.
  1107 | D:1      | 1107 ||| DROPPING +0 robe.
  1108 | D:1      | 1108 ||| READING scroll labelled WOMPUH BUXTUO.
  1109 | D:1      | 1109 ||| READING scroll labelled SELIGRY QEMA.
  1110 | D:1      | 1110 ||| READING scroll labelled UDYTRICAIV.
  1113 | D:1      | 1113 ||| READING scroll labelled GEFRUA BUXUNE.
  1114 | D:1      | 1114 ||| DROPPING scroll of poison.
  1140 | D:2      | 1140 ||| STAIRDANCE
  1144 | D:1      | Reached XP level 3. HP: 20/21 MP: 4/4
  1384 | D:2      | Reached XP level 4. HP: 26/26 MP: 5/5
  1391 | D:2      | Reached skill level 4 in Ranged Weapons
  1572 | D:2      | Reached XP level 5. HP: 23/30 MP: 6/6
  1747 | D:2      | 1747 ||| UPGRADING to +0 pair of boots.
  1752 | D:2      | 1752 ||| UPGRADING to +0 ring mail.
  1762 | D:2      | 1762 ||| DROPPING +0 leather armour.
  1763 | D:2      | 1763 ||| READING 2 scrolls labelled JANNIAP TEREWO.
  1764 | D:2      | 1764 ||| READING 2 scrolls labelled AZY WOQUDANE.
  1765 | D:2      | 1765 ||| DRINKING 2 glowing sapphire potions.
  1792 | D:2      | 1792 ||| DROPPING potion of lignification.
  1793 | D:2      | 1793 ||| DROPPING scroll of blinking.
  1840 | D:3      | Reached skill level 1 in Armour
  1963 | D:3      | Noticed Sigmund
  1977 | D:3      | HP: 7/30 [Sigmund/+0 scythe (7)]
  1980 | D:3      | HP: 1/30 [Sigmund/magic dart (5)]
  1981 | D:3      | Slain by Sigmund

Levels and vault maps discovered:
D:1:      dpeg_arrival_signposts, layout_loops_corners, serial_shops, shop,
          nicolae_shop_overgrown_old_shop, shop, minmay_crystal_water,
          kennysheep_nondescript
D:2:      layout_rooms, serial_aquarium, aquarium_bridge_island_small
          [aquarium_subvault_small_open, aquarium_subvault_bridge,
          aquarium_subvault_bridge, aquarium_subvault_window,
          aquarium_subvault_balcony], aquarium_window_fake, aquarium_window_2,
          aquarium_window_1, aquarium_view_2c, aquarium_view_4, chequers_garden,
          minmay_misc_feat_encased, minmay_hexomino_f4
D:3:      layout_loops_ring, uniq_sigmund

Skill      XL: |  1  2  3  4  5 |
---------------+----------------+-----
Ranged Weapons | 3 4 |  4.9
Fighting       | 2 |  2.0
Armour         | 1 |  1.0
Dodging        | |  1.5
Spellcasting   | |  1.0
Hexes          | |  2.6

Action                     |  1- 3 |  4- 6 || total
---------------------------+-------+-------++-------
   Fire: Sling             |   126 |    69 ||   195
    Use: Scroll            |     4 |     2 ||     6
         Potion            |       |     1 ||     1
 Armour: Robe              |    11 |       ||    11
         Leather armour    |    25 |     1 ||    26
         Ring mail         |       |     7 ||     7
  Dodge: Dodged            |    36 |    15 ||    51

Table legend:
 A = Non-vault XP
 B = Vault XP
 C = Vault XP percentage of total XP
 D = Non-vault monster count
 E = Vault monster count
 F = Vault count percentage of total count
                 A         B        C        D         E       F
            +---------+---------+-------+---------+---------+-------
      Total |     188 |      20 |   9.6 |      49 |       5 |   9.3
            +---------+---------+-------+---------+---------+-------
        D:1 |      27 |      15 |  35.7 |      16 |       2 |  11.1
        D:2 |     138 |       5 |   3.5 |      27 |       3 |  10.0
        D:3 |      23 |       0 |   0.0 |       6 |       0 |   0.0
            +---------+---------+-------+---------+---------+-------
